 Dungeon Crawl Stone Soup version 0.15-a0-481-g5350d32 (webtiles) character file.

5084 Infinimo the Deadly Accurate (level 10, -7/88 HPs)
             Began as an Ogre Hunter on May 7, 2014.
             Was an Elder of Okawaru.
             Mangled by a killer bee (8 damage)
             ... on Level 8 of the Dungeon.
             The game lasted 00:24:06 (11630 turns).

Infinimo the Deadly Accurate (Ogre Hunter)         Turns: 11630, Time: 00:24:07

HP  -7/88        AC  4     Str 22      XL: 10   Next: 57%
MP  10/10        EV 10     Int 10      God: Okawaru [****..]
Gold 390         SH  0     Dex 11      Spells:  0 memorised,  9 levels left

rFire  . . .     SeeInvis .     v - +0 giant spiked club
rCold  . . .     Clarity  .     d - +0 animal skin
rNeg   + . .     Conserve .     (shield restricted)
rPois  .         rCorr    .     (helmet restricted)
rElec  .         rRot     .     q - +0 cloak
SustAb . .       Spirit   .     (gloves unavailable)
rMut   .         Warding  +     (boots unavailable)
Saprov + . .     Stasis   .     i - amulet of warding
MR     +....                    (no ring)
                                F - +1 ring of dexterity

@: lethally poisoned, somewhat resistant to hostile enchantments, very
unstealthy
A: unfitting armour, fast metabolism 1, saprovore 1, tough skin 1
a: Heroism, Renounce Religion


You were on level 8 of the Dungeon.
You worshipped Okawaru.
Okawaru was greatly pleased with you.
You were not hungry.

You visited 1 branch of the dungeon, and saw 8 of its levels.

You collected 390 gold pieces.

Inventory:

Hand weapons
 v - a +0,+0 giant spiked club (weapon)
Missiles
 m - 33 stones
 r - 2 javelins of penetration (quivered)
 z - 6 poisoned tomahawks
 C - 3 tomahawks of returning
 G - 4 silver tomahawks
 H - 8 tomahawks
Armour
 d - a +0 animal skin (worn)
 q - a +0 cloak (worn)
Magical devices
 a - a wand of heal wounds (5)
 c - a wand of cold (3)
 y - a wand of digging (12)
Comestibles
 f - 4 meat rations
 h - 4 bread rations
 u - 12 grapes
 A - 2 beef jerkies
 B - 9 cheeses
Scrolls
 e - 6 scrolls of enchant weapon II
 k - 2 scrolls of enchant weapon I
 n - 5 scrolls of remove curse
 p - 2 scrolls of identify
 t - 2 scrolls of teleportation
Jewellery
 i - an amulet of warding (around neck)
 F - a +1 ring of dexterity (left hand)
Potions
 j - a potion of magic
 o - 2 potions of restore abilities
Books
 E - a book of Air

   Spells                             Type                      Level
   Shock                              Conjuration/Air              1
   Swiftness                          Charms/Air                   2
   Repel Missiles                     Charms/Air                   2
   Flight                             Charms/Air                   3
   Static Discharge                   Conjuration/Air              3
   Lightning Bolt                     Conjuration/Air              5


   Skills:
 - Level 2.6 Fighting
 - Level 1.3 Maces & Flails
 * Level 16.1 Throwing
 - Level 1.7 Dodging
 - Level 1.0 Stealth


You had 9 spell levels left.
You didn't know any spells.

Dungeon Overview and Level Annotations

Branches:
Dungeon (8/15)             Temple (0/1) D:6            Lair (0/8) D:8

Altars:
Fedhas
Kikubaaqudgha
Makhleb
Okawaru
Sif Muna
Trog


Innate Abilities, Weirdness & Mutations

You are too large for most types of armour.
You have a fast metabolism.
You can tolerate rotten meat.
You have tough skin (AC +1).


Message History

* * * LOW HITPOINT WARNING * * *
Drink which item? (? for menu, Esc to quit)
You feel better.
Drink which item? (? for menu, Esc to quit)
You feel better. The killer bee stings you!
* * * LOW HITPOINT WARNING * * *
The killer bee stings you.
* * * LOW HITPOINT WARNING * * *
Throwing (i - inventory. (,) - cycle):
r - 3 javelins of penetration (quivered)
Press: ? - help, Shift-Dir - straight line, f/p - killer bee
Aim: a killer bee (lightly wounded)
You throw a javelin of penetration.
The javelin of penetration pierces through the killer bee!
The killer bee is heavily wounded.
The javelin of penetration misses the killer bee.
The killer bee stings you.
* * * LOW HITPOINT WARNING * * *
You are lethally poisoned!
The killer bee poisons you! The killer bee stings you!
You die...

########### #(###.## #.###
..........# #.##...# ##.#.#
.....P....## #.##...### #.....
...P..P.....####.##.....# ##.#.#
(.P..PPPP.yP...(.##...#.# #.....
#...P..PPP...###y##...#.#####.#.#
...P..PPPPP. #y#..........>....
..P..P...PPP ##y#.........##.#.#
.P.PP.P.P.PPP..#@#.........####..
..PP.PP..P.PP..#(##.###.#### ###


PPP.PP.PPPPP..P#(##.# #.# .P.PP.>P..PPPP.#(##.# #.# .P.PPP..PP.PP...(...# #.#
###### .PPP..PP.PP.....(...###.####..... .PPPP.P.PP.PP................<...
..PP...P.PPP.P......#.....##..... ...PP.PPP.P.P.......#.......##+## You could
see 3 killer bees.

Vanquished Creatures
  Joseph (D:7)
  Grinder (D:6)
  A human (D:7)
  Eustachio (D:6)
  A deep elf mage (D:5)
  A yak (D:7)
  2 hippogriffs
  A hungry ghost (D:7)
  Edmund (D:4)
  3 orc warriors
  A water moccasin (D:7)
  3 ice beasts
  A phantom (D:5)
  2 ogres
  2 centaurs
  A sky beast (D:8)
  A necrophage (D:8)
  A yellow wasp (D:7)
  8 big kobolds (D:8)
  A giant frog (D:7)
  4 scorpions
  7 crimson imps
  4 hounds
  2 orc priests
  5 orc wizards
  6 worker ants
  Natasha (thrice) (D:6)
  An iguana (D:7)
  3 sheep (D:7)
  Ijyb (D:7)
  A worker ant zombie (D:5)
  10 gnolls
  2 orc zombies
  2 green rats (D:8)
  An orc skeleton (D:8)
  6 adders
  A shadow imp (D:7)
  An inept feature mimic (D:3)
  2 giant mites
  4 worms
  4 giant geckos
  26 orcs
  2 ball pythons
  A bat skeleton (D:5)
  8 giant cockroaches
  13 hobgoblins
  20 kobolds
  5 quokkas
  17 bats
  A giant gecko skeleton (D:7)
  2 giant newts (D:1)
  A giant newt skeleton (D:4)
  10 goblins
  9 jackals
  A kobold skeleton (D:8)
  A kobold zombie (D:5)
  20 rats
  A rat zombie (D:8)
242 creatures vanquished.

Vanquished Creatures (others)
  7 fungi (D:8)
  A plant (D:8)
8 creatures vanquished.

Grand Total: 250 creatures vanquished

Notes
Turn   | Place    | Note
--------------------------------------------------------------
     0 | D:1      | Infinimo, the Ogre Hunter, began the quest for the Orb.
     0 | D:1      | Reached XP level 1. HP: 22/22 MP: 1/1
   256 | D:1      | Reached skill level 1 in Stealth
   361 | D:1      | Reached XP level 2. HP: 14/29 MP: 2/2
   444 | D:1      | Reached skill level 5 in Throwing
   893 | D:1      | Reached XP level 3. HP: 29/36 MP: 3/3
  1772 | D:2      | Found a deep blue altar of Sif Muna.
  2319 | D:2      | Reached XP level 4. HP: 41/44 MP: 4/4
  2647 | D:3      | Reached skill level 6 in Throwing
  2913 | D:3      | Gained mutation: You are robust (+10% HP). [potion of beneficial mutation]
  2918 | D:3      | Lost mutation: You are robust (+10% HP). [potion of cure mutation]
  3107 | D:3      | Found an iron altar of Okawaru.
  3371 | D:3      | Noticed a moth of wrath
  3375 | D:3      | Found a bloodstained altar of Trog.
  3391 | D:3      | Reached XP level 5. HP: 44/50 MP: 5/5
  3608 | D:3      | Became a worshipper of Warmaster Okawaru
  3741 | D:4      | Reached skill level 7 in Throwing
  4100 | D:4      | Reached XP level 6. HP: 49/59 MP: 6/6
  4333 | D:4      | Reached skill level 8 in Throwing
  4374 | D:4      | Noticed an ogre
  4375 | D:4      | Killed an ogre
  4375 | D:4      | Acquired Okawaru's first power
  4507 | D:4      | Noticed Edmund
  4508 | D:4      | Paralysed by a kobold for 4 turns
  4517 | D:4      | Paralysed by a kobold for 3 turns
  4525 | D:4      | Killed Edmund
  4525 | D:4      | Reached skill level 9 in Throwing
  4525 | D:4      | Reached XP level 7. HP: 43/66 MP: 7/7
  4527 | D:4      | Paralysed by a kobold for 2 turns
  4702 | D:4      | Found a blossoming altar of Fedhas.
  4702 | D:4      | Found a burning altar of Makhleb.
  4809 | D:5      | Entered Level 5 of the Dungeon
  5111 | D:5      | Found an ancient bone altar of Kikubaaqudgha.
  5507 | D:5      | Reached skill level 10 in Throwing
  5647 | D:5      | Got an encrusted falchion
  5648 | D:5      | Identified the +9,+6 falchion of the Boar {slice, +Inv rPois MR++ Str-3 Stlth++} (You found it on level 5 of the Dungeon)
  5816 | D:5      | Noticed a deep elf mage
  5837 | D:5      | Killed a deep elf mage
  5837 | D:5      | Reached XP level 8. HP: 56/74 MP: 8/8
  6163 | D:6      | Noticed Natasha
  6174 | D:6      | Killed Natasha
  6174 | D:6      | Reached skill level 11 in Throwing
  6192 | D:6      | Noticed Grinder
  6199 | D:6      | Killed Grinder
  6254 | D:6      | Noticed Eustachio
  6534 | D:6      | Killed Eustachio
  6534 | D:6      | Reached skill level 12 in Throwing
  7362 | D:6      | Reached XP level 9. HP: 68/80 MP: 9/9
  7694 | D:6      | Found a staircase to the Ecumenical Temple.
  7725 | D:6      | Noticed Natasha
  7728 | D:6      | Killed Natasha
  7768 | D:6      | Noticed Natasha
  7770 | D:6      | Killed Natasha
  8031 | D:7      | Reached skill level 13 in Throwing
  8230 | D:7      | Noticed Ijyb
  8264 | D:7      | Killed Ijyb
  9036 | D:7      | Received a gift from Okawaru
  9103 | D:7      | Reached skill level 14 in Throwing
  9554 | D:7      | Received a gift from Okawaru
  9908 | D:7      | Noticed Joseph
  9911 | D:7      | Killed Joseph
  9911 | D:7      | Reached skill level 15 in Throwing
  9911 | D:7      | Reached XP level 10. HP: 42/88 MP: 10/10
 10112 | D:7      | HP: 3/88 [hippogriff (2)]
 10860 | D:8      | Found a staircase to the Lair.
 11011 | D:8      | Received a gift from Okawaru
 11272 | D:8      | Received a gift from Okawaru
 11272 | D:8      | Reached skill level 16 in Throwing
 11625 | D:8      | HP: 1/88 [killer bee (9)]
 11630 | D:8      | HP: 1/88 [killer bee (6)]
 11630 | D:8      | Mangled by a killer bee

Action                   |  1- 3 |  4- 6 |  7- 9 | 10-12 || total
-------------------------+-------+-------+-------+-------++-------
Melee: Club              |   175 |    38 |       |       ||   213
       Mace              |       |    89 |   296 |       ||   385
       Giant spiked club |       |       |    74 |    60 ||   134
Throw: Large rock        |    11 |    28 |   100 |    42 ||   181
       Throwing net      |     2 |       |     3 |       ||     5
       Stone             |       |     5 |       |    42 ||    47
       Tomahawk          |       |       |    42 |    40 ||    82
       Javelin           |       |       |       |     2 ||     2
Evoke: Wand              |       |       |     2 |       ||     2
  Use: Scroll            |       |    10 |     5 |       ||    15
       Potion            |       |     6 |     3 |     3 ||    12
 Stab: Sleeping          |       |       |     1 |       ||     1
       Distracted        |       |       |     1 |       ||     1
